 Dungeon Crawl Stone Soup version 0.30.0-29-ga12c61a403 (webtiles) character file.

Game seed: 18297588188622804835

164 admiralandromeda the Digger (level 5, -9/29 HPs)
             Began as a Gargoyle Earth Elementalist on June 15, 2023.
             Mangled by an ice beast (13 damage)
             ... on level 4 of the Dungeon.
             The game lasted 00:14:26 (2997 turns).

admiralandromeda the Digger (GrEE)                  Turns: 2997, Time: 00:14:27

Health: -9/29      AC:  8    Str: 12    XL:     5   Next: 45%
Magic:  0/9        EV: 11    Int: 17    God:
Gold:   181        SH:  0    Dex: 10    Spells: 4/10 levels left

rFire   . . .        n - +0 mace
rCold   . . .        (no shield)
rNeg    + . .        a - +1 robe
rPois   ∞            v - +0 helmet
rElec   +            (no cloak)
rCorr   .            (no gloves)
SInv    .            (no boots)
Will    .....        (no amulet)
Stlth   ++           (no ring)
HPRegen 0.24/turn    (no ring)
MPRegen 0.11/turn

%: no passive effects
@: very slightly contaminated
A: sickness immunity, AC +4, negative energy resistance 1, electricity
resistance, torment resistance 1, petrification resistance
a: no special abilities


You were on level 4 of the Dungeon.
You visited 1 branch of the dungeon, and saw 4 of its levels.

You collected 181 gold pieces.

Inventory:

Hand Weapons
 d - a +0 short sword
 f - a +0 club
 j - a +0 sling
 k - a +0 whip
 n - a +0 mace (weapon)
Missiles
 c - 37 stones
 i - 6 poisoned darts
 q - 6 silver boomerangs
Armour
 a - a +1 robe (worn)
 v - a +0 helmet (worn)
Wands
 m - a wand of flame (12)
Scrolls
 e - 4 scrolls of teleportation
 o - a scroll of amnesia
 p - 4 scrolls of identify {unknown}
 r - a scroll of enchant weapon {unknown}
 t - 2 scrolls of magic mapping {unknown}
Potions
 b - a potion of magic
 g - 2 potions of flight {unknown}
 h - a potion of degeneration {unknown}
 l - a potion of cancellation {unknown}
 s - a potion of heal wounds {unknown}
 u - a potion of attraction {unknown}


   Skills:
 + Level 1.0 Fighting
 - Level 1.5 Dodging
 - Level 2.1 Stealth
 + Level 3.1 Spellcasting
 * Level 0.9 Conjurations
 * Level 0.7 Transmutations
 * Level 6.0 Earth Magic


You had 4 spell levels left.
You knew the following spells:

 Your Spells              Type           Power      Damage    Failure   Level
p - Passwall              Tmut/Erth      11%        N/A       7%          2
q - Sandblast             Erth           46%        2d11      1%          1
w - Stone Arrow           Conj/Erth      28%        3d8       12%         3

Your spell library contained the following spells:

 Spells                   Type           Power      Damage    Failure   Level
 Petrify                  Tmut/Erth      14%        N/A       41%         4
 Frozen Ramparts          Ice            4%         1d1       45%         3
 Inner Flame              Hex/Fire       2%         N/A       45%         3
 Ice Form                 Ice/Tmut       3%         N/A       83%         4
 Summon Ice Beast         Ice/Summ       2%         N/A       86%         4
 Yara's Violent Unravell  Hex/Tmut       1%         3d3       99%         5
 Enfeeble                 Hex            1%         N/A       100%        7


Dungeon Overview and Level Annotations

Branches:
Dungeon (4/15)
 Temple: D:4-7

Altars:


Innate Abilities, Weirdness & Mutations

You are immune to sickness and miasma.
Your stone body is resilient. (AC +4)
You are immune to poison.
You resist negative energy. (rN+)
You are resistant to electric shocks. (rElec)
You are resistant to unholy torment.
You are immune to petrification.


Message History

Press: ? - help, Shift-Dir - straight line, f/p - ice beast
Aim: an ice beast (83% to hit)
The blast of sand hits the ice beast!
The ice beast is moderately wounded.
The ice beast hits you. The ice beast freezes you!
Casting: Sandblast (safe; 1% risk of failure)
Confirm with . or Enter, or press ? or * to list all spells.
Aiming: Sandblast (safe; 1% risk of failure)
Press: ? - help, Shift-Dir - straight line, f/p - ice beast
Aim: an ice beast (moderately wounded, 83% to hit)
The blast of sand hits the ice beast but does no damage.
The ice beast is moderately wounded.
The ice beast hits you but does no damage.
Casting: Sandblast (safe; 1% risk of failure)
Confirm with . or Enter, or press ? or * to list all spells.
Aiming: Sandblast (safe; 1% risk of failure)
Press: ? - help, Shift-Dir - straight line, f/p - ice beast
Aim: an ice beast (moderately wounded, 83% to hit)
The blast of sand hits the ice beast!
The ice beast is severely wounded.
The ice beast hits you. The ice beast freezes you!
* * * LOW HITPOINT WARNING * * *
The ice beast barely misses you.
You closely miss the ice beast.
The ice beast is severely wounded.
The ice beast hits you but does no damage.
You closely miss the ice beast.
The ice beast is severely wounded.
The ice beast closely misses you.
Casting: Sandblast (safe; 1% risk of failure)
Confirm with . or Enter, or press ? or * to list all spells.
Aiming: Sandblast (safe; 1% risk of failure)
Press: ? - help, Shift-Dir - straight line, f/p - ice beast
Aim: an ice beast (severely wounded, 83% to hit)
The blast of sand hits the ice beast but does no damage.
The ice beast is severely wounded.
The ice beast hits you.
* * * LOW HITPOINT WARNING * * *
The ice beast freezes you!
You die...

#.# #.#
#........ #.#
#.#.#.... #.#
#.#...... #.#
#........ #.#
#........
#.######...#....
#.....##........
#####.##@Y#####
#......[....
####.....?..
##.#.###. .#.#
.# # .# .#


You could see an ice beast.

Vanquished Creatures
  2 orc wizards (D:3)
  5 adders
  A worm (D:2)
  2 dart slugs
  3 orcs (D:3)
  4 endoplasms
  2 giant cockroaches
  5 goblins
  5 hobgoblins
  5 quokkas
  6 ball pythons
  4 bats
  2 frilled lizards (D:2)
  9 kobolds
  7 rats
62 creatures vanquished.

Notes
Turn   | Place    | Note
-------+----------+-------------------------------------------
     0 | D:1      | admiralandromeda the Gargoyle Earth Elementalist began the
                  | quest for the Orb.
     0 | D:1      | Reached XP level 1. HP: 10/10 MP: 3/3
   195 | D:1      | Reached skill level 4 in Earth Magic
   195 | D:1      | Reached XP level 2. HP: 15/15 MP: 3/5
   904 | D:2      | Reached XP level 3. HP: 19/19 MP: 6/6
   909 | D:2      | Learned a level 3 spell: Stone Arrow
   912 | D:2      | Learned a level 2 spell: Passwall
  1309 | D:2      | Reached skill level 5 in Earth Magic
  1570 | D:2      | Reached XP level 4. HP: 24/24 MP: 0/7
  2157 | D:3      | Found a faded altar of an unknown god.
  2509 | D:3      | Reached XP level 5. HP: 28/28 MP: 6/9
  2532 | D:3      | Reached skill level 1 in Fighting
  2941 | D:4      | Reached skill level 6 in Earth Magic
  2977 | D:4      | Noticed an ice beast
  2997 | D:4      | Mangled by an ice beast

Illustrated notes

Levels and vault maps discovered:
D:1:      lemuel_arrival_funnel, layout_loops_ring, st_stairs_12, minivault_26
D:2:      layout_basic, kennysheep_generic_room_3
D:3:      layout_loops_ring, hellmonk_ecumenical_altar_leap_of_faith
D:4:      layout_loops_ring, mainiacjoe_overflow_two_lobes

Skill      XL: |  1  2  3  4  5 |
---------------+----------------+-----
Earth Magic    | 4 5 6 |  6.0
Spellcasting   | 3 |  3.1
Fighting       | 1 |  1.0
Dodging        | |  1.5
Stealth        | |  2.1
Conjurations   | |  0.9
Transmutations | |  0.7

Action                     |  1- 3 |  4- 6 || total
---------------------------+-------+-------++-------
  Melee: Unarmed           |    12 |       ||    12
         Short sword       |     4 |       ||     4
         Punch             |     1 |       ||     1
         Club              |    54 |       ||    54
         Whip              |    37 |       ||    37
         Mace              |       |    61 ||    61
   Cast: Sandblast         |    20 |    17 ||    37
         Stone Arrow       |     7 |     1 ||     8
    Use: Scroll            |     4 |       ||     4
   Stab: Sleeping          |     5 |     1 ||     6
 Armour: Robe              |    32 |    30 ||    62
  Dodge: Dodged            |    82 |    39 ||   121
